[Event "EYCC 2017"]
[Site "Mamaia"]
[Date "2017.09.07"]
[Round "3"]
[White "Adamczyk, Zuzanna"]
[Black "Miroshnik, Ekaterina"]
[Result "0-1"]
[ECO "C06"]
[WhiteElo "1782"]
[BlackElo "2006"]
[Annotator "NA"]
[PlyCount "76"]
[EventDate "2017.??.??"]
[EventType "swiss"]
[EventCountry "ROU"]
[SourceTitle "playchess.com"]
[Source "ChessBase"]
[SourceQuality "1"]
[TimeControl "40/5400+30:1800+30"]

1. e4 e6 2. d4 d5 3. Nd2 Nf6 4. e5 Nfd7 5. Bd3 c5 6. c3 Nc6 7. Ne2 cxd4 8. cxd4 f6 9. Nf4 Nxd4 10. Qh5+ Ke7 11. exf6+ Nxf6 12. Ng6+ hxg6 13. Qxh8 Kf7 14. O-O e5 15. Nb3 Nxb3 16. axb3 Bf5 17. Bxf5 gxf5 18. Bg5 Bc5 19. Qh3 Qd7 20. Bxf6 Kxf6 21. Rad1 Bb6 22. Rfe1 Qe6 23. Rd3 e4 24. g4 Qe5 25. Qh4+ Ke6 26. Qh5 f4 27. Qg6+ Qf6 28. Qh5 Qe5 29. Qg6+ Qf6 30. Qh5 g5 31. h4 Rh8 32. hxg5 Qg7 33. g6 Rxh5 34. gxh5 Qxb2 35. Rf3 Kf5 36. Rfe3 fxe3 37. fxe3 Kg4 38. Kf1 Kf3 0-1

[Event "EYCC 2017"]
[Site "Mamaia"]
[Date "2017.09.07"]
[Round "3"]
[White "Mikhailina, Elena"]
[Black "Matasaru, Stephanie"]
[Result "0-1"]
[ECO "A10"]
[WhiteElo "1782"]
[BlackElo "1662"]
[Annotator "NA"]
[PlyCount "72"]
[EventDate "2017.??.??"]
[EventType "swiss"]
[EventCountry "ROU"]
[SourceTitle "playchess.com"]
[Source "ChessBase"]
[SourceQuality "1"]
[TimeControl "40/5400+30:1800+30"]

1. c4 g6 2. g3 Bg7 3. Bg2 e5 4. e4 d6 5. Nc3 Ne7 6. Nge2 O-O 7. O-O c6 8. d3 f5 9. exf5 Nxf5 10. Kh1 Be6 11. f4 Nd7 12. Qc2 exf4 13. Bxf4 Ne5 14. h3 g5 15. Bd2 g4 16. Kh2 Qe8 17. Bf4 Qh5 18. Ne4 Nf3+ 19. Bxf3 Qxh3+ 20. Kg1 gxf3 21. Rxf3 Bd4+ 22. Nf2 Nh4 23. gxh4 Qxf3 24. Nxd4 Qxf4 25. Nxe6 Qg3+ 26. Kf1 Qh3+ 27. Ke1 Qxe6+ 28. Kd1 Rae8 29. Qd2 Qe3 30. Qxe3 Rxe3 31. Kd2 Rg3 32. Ne4 Rg2+ 33. Kc3 d5 34. Nc5 dxc4 35. Kxc4 Rc2+ 36. Kd4 Rd8+ 0-1

[Event "EYCC 2017"]
[Site "Mamaia"]
[Date "2017.09.07"]
[Round "3"]
[White "Lomaia, Diana"]
[Black "Zeliantsova, Kseniya"]
[Result "1-0"]
[ECO "B09"]
[WhiteElo "1753"]
[BlackElo "1878"]
[Annotator "NA"]
[PlyCount "168"]
[EventDate "2017.??.??"]
[EventType "swiss"]
[EventCountry "ROU"]
[SourceTitle "playchess.com"]
[Source "ChessBase"]
[SourceQuality "1"]
[TimeControl "40/5400+30:1800+30"]

1. e4 d6 2. d4 Nf6 3. Nc3 g6 4. f4 Bg7 5. Nf3 c5 6. Bb5+ Bd7 7. e5 Ng4 8. Bxd7+ Qxd7 9. d5 O-O 10. O-O Na6 11. h3 Nh6 12. Be3 Nc7 13. Qd2 Nf5 14. Bf2 Rad8 15. Rad1 b6 16. Rfe1 Kh8 17. Qe2 b5 18. Ne4 b4 19. c4 bxc3 20. Nxc3 Rb8 21. Ng5 Qc8 22. h4 Rb4 23. g3 Nd4 24. Bxd4 cxd4 25. Nce4 dxe5 26. d6 exd6 27. Nxd6 Qd7 28. fxe5 h6 29. Nf3 Qg4 30. Kh2 Kg8 31. Rd2 Rfb8 32. b3 a5 33. Qe4 Qd7 34. Rxd4 Rxd4 35. Nxd4 Rf8 36. Qc6 Qg4 37. Qe4 Qd7 38. Qc6 Qd8 39. Re2 Kh7 40. Re1 Qe7 41. Qc5 a4 42. b4 Ne6 43. Nxe6 Qxe6 44. Qc4 Qd7 45. Qd4 Rc8 46. Qd3 Rc6 47. Rf1 Qe6 48. Rf2 Qxe5 49. Ne4 Qe6 50. Nc5 Qe7 51. Qe2 Qf8 52. Qb5 Rd6 53. Qxa4 Rd4 54. Ne6 Qxb4 55. Qxb4 Rxb4 56. Rxf7 Rb2+ 57. Kh3 Rxa2 58. Rxg7+ Kh8 59. Rxg6 Kh7 60. h5 Ra5 61. Nf8+ Kh8 62. Rxh6+ Kg7 63. Rg6+ Kh8 64. Rf6 Rxh5+ 65. Kg4 Ra5 66. Rf5 Ra4+ 67. Kg5 Ra7 68. Ng6+ Kg7 69. Re5 Ra4 70. g4 Kg8 71. Re8+ Kg7 72. Re7+ Kg8 73. Kh6 Ra7 74. Re8+ Kf7 75. Rf8+ Ke6 76. Rf2 Ra1 77. Nf8+ Ke7 78. Ng6+ Ke6 79. Nh4 Rh1 80. Kh5 Rg1 81. g5 Ke7 82. g6 Ke6 83. Rg2 Ra1 84. g7 Kd5 1-0

[Event "EYCC 2017"]
[Site "Mamaia"]
[Date "2017.09.07"]
[Round "3"]
[White "Ince, Safiye Oyku"]
[Black "Zhurova, Anna"]
[Result "1/2-1/2"]
[ECO "B50"]
[WhiteElo "1737"]
[BlackElo "1864"]
[Annotator "NA"]
[PlyCount "70"]
[EventDate "2017.??.??"]
[EventType "swiss"]
[EventCountry "ROU"]
[SourceTitle "playchess.com"]
[Source "ChessBase"]
[SourceQuality "1"]
[TimeControl "40/5400+30:1800+30"]

1. e4 c5 2. Nf3 d6 3. c3 Nf6 4. Bc4 Nxe4 5. Qa4+ Nc6 6. Bxf7+ Kxf7 7. Qxe4 d5 8. Ng5+ Kg8 9. Qf3 Ne5 10. Qg3 Qd6 11. O-O h6 12. Nh3 g5 13. f4 Ng6 14. d3 g4 15. Nf2 h5 16. Nd1 Bf5 17. Ne3 e6 18. d4 cxd4 19. Nxf5 exf5 20. Qd3 Qf6 21. cxd4 Bg7 22. Qb3 Qxd4+ 23. Be3 Qc4 24. Qxb7 Re8 25. Na3 Qe4 26. Bc5 h4 27. Rae1 Bd4+ 28. Bxd4 Qxd4+ 29. Kh1 Rxe1 30. Rxe1 h3 31. Qc8+ Nf8 32. Qxf5 hxg2+ 33. Kxg2 Rxh2+ 34. Kxh2 Qf2+ 35. Kh1 Qf3+ 1/2-1/2

[Event "EYCC 2017"]
[Site "Mamaia"]
[Date "2017.09.07"]
[Round "3"]
[White "Alekseenko, Mariya"]
[Black "Dubovyk, Anastasiia"]
[Result "1/2-1/2"]
[ECO "A13"]
[WhiteElo "1731"]
[BlackElo "1785"]
[Annotator "NA"]
[PlyCount "81"]
[EventDate "2017.??.??"]
[EventType "swiss"]
[EventCountry "ROU"]
[SourceTitle "playchess.com"]
[Source "ChessBase"]
[SourceQuality "1"]
[TimeControl "40/5400+30:1800+30"]

1. c4 e6 2. Nf3 d5 3. b3 Nf6 4. Bb2 Be7 5. d3 O-O 6. g3 c5 7. Bg2 Nc6 8. O-O b6 9. Na3 Bb7 10. Re1 h6 11. Nc2 d4 12. e3 dxe3 13. fxe3 Nd7 14. d4 cxd4 15. exd4 Nb4 16. a3 Nxc2 17. Qxc2 Nf6 18. Ne5 Qc7 19. Bxb7 Qxb7 20. Qg2 Qxg2+ 21. Kxg2 Rac8 22. Rac1 Rfd8 23. b4 Nd7 24. Nxd7 Rxd7 25. Re2 Bf6 26. Re4 a5 27. Kf3 axb4 28. axb4 Ra7 29. c5 bxc5 30. bxc5 Ra2 31. Rc2 Rb8 32. Ree2 Rb3+ 33. Kg2 Ra8 34. Re1 Rc8 35. Rd1 Rb4 36. Rd3 Rcb8 37. Rdd2 Rc8 38. Ba1 Bg5 39. Re2 Bf6 40. Red2 Bg5 41. Re2 1/2-1/2

[Event "EYCC 2017"]
[Site "Mamaia"]
[Date "2017.09.07"]
[Round "3"]
[White "Royal, Shreyas"]
[Black "Popescu, Stefan-Adrian"]
[Result "1-0"]
[ECO "D02"]
[WhiteElo "1700"]
[BlackElo "1180"]
[Annotator "NA"]
[PlyCount "133"]
[EventDate "2017.??.??"]
[EventType "swiss"]
[EventCountry "ROU"]
[SourceTitle "playchess.com"]
[Source "ChessBase"]
[SourceQuality "1"]
[TimeControl "40/5400+30:1800+30"]

1. d4 d5 2. Nf3 e6 3. c4 c6 4. Nc3 Bd6 5. Bg5 Be7 6. Bxe7 Nxe7 7. e3 f5 8. Be2 O-O 9. O-O Nd7 10. cxd5 exd5 11. Qb3 Nf6 12. Bd3 Ne4 13. Bxe4 fxe4 14. Nxe4 Kh8 15. Ng3 b6 16. Ne5 Bb7 17. e4 Rc8 18. Rfd1 Rb8 19. Rac1 Rc8 20. Qa4 a5 21. exd5 cxd5 22. Qd7 Qxd7 23. Nxd7 Rxc1 24. Rxc1 Rd8 25. Nxb6 Bc6 26. Nf5 Nxf5 27. Rxc6 Nxd4 28. Rc5 Ne2+ 29. Kf1 Nf4 30. g3 Nd3 31. Rxa5 Nxb2 32. Rxd5 Rxd5 33. Nxd5 Kg8 34. Nb6 Kf7 35. a4 Nd3 36. Ke2 Nc5 37. Ke3 Ke6 38. Kd4 Kd6 39. Kc4 Kc6 40. a5 Na6 41. f4 h5 42. h3 Kd6 43. g4 hxg4 44. hxg4 g6 45. Nd5 Kd7 46. Kb5 Nb8 47. a6 Nxa6 48. Kxa6 Kd6 49. Ne3 Kc5 50. f5 gxf5 51. gxf5 Kd6 52. Kb6 Ke5 53. Kc5 Kf6 54. Kd6 Kf7 55. Ke5 Ke7 56. f6+ Kf7 57. Nf5 Kf8 58. Ke6 Ke8 59. f7+ Kf8 60. Nd6 Kg7 61. Ke7 Kg6 62. f8=Q Kg5 63. Qf3 Kg6 64. Qf4 Kg7 65. Qg5+ Kh7 66. Kf7 Kh8 67. Qh4# 1-0

[Event "EYCC 2017"]
[Site "Mamaia"]
[Date "2017.09.07"]
[Round "3"]
[White "Simic, Anja"]
[Black "Schneider, Jana"]
[Result "0-1"]
[ECO "E34"]
[WhiteElo "1676"]
[BlackElo "2231"]
[Annotator "NA"]
[PlyCount "88"]
[EventDate "2017.??.??"]
[EventType "swiss"]
[EventCountry "ROU"]
[SourceTitle "playchess.com"]
[Source "ChessBase"]
[SourceQuality "1"]
[TimeControl "40/5400+30:1800+30"]

1. d4 Nf6 2. c4 e6 3. Nc3 Bb4 4. Qc2 d5 5. Bg5 $15 dxc4 {[%emt 0:02:46] LiveBook: 9 Games} 6. e3 b5 7. Nf3 Bb7 8. Be2 Be4 9. Bxf6 Bxc2 10. Bxd8 Kxd8 11. Ne5 Ke7 12. Bf3 Bxc3+ 13. bxc3 c6 14. Nxc6+ Nxc6 15. Bxc6 Rab8 16. Kd2 Bd3 17. a3 a5 18. Bf3 b4 19. axb4 axb4 20. Ra7+ Kf6 21. cxb4 Rxb4 22. e4 Rb2+ 23. Ke3 Rhb8 24. e5+ Kg6 25. h4 R8b3 26. Rc7 Bf1+ 27. Kf4 Rxf2 28. Rg1 Be2 29. Ke4 f5+ 30. exf6 gxf6 31. d5 exd5+ 32. Kxd5 Bf1 33. Be4+ f5 34. Bf3 c3 35. Rc6+ Kg7 36. Rc7+ Kf6 37. Bh5 Rd2+ 38. Kc5 Rb5+ 39. Kc6 Rb1 40. Rf7+ Ke6 41. g4 Bb5+ 42. Kc7 Rxg1 43. gxf5+ Ke5 44. Re7+ Kxf5 0-1

[Event "EYCC 2017"]
[Site "Mamaia"]
[Date "2017.09.07"]
[Round "3"]
[White "Madej, Marek"]
[Black "Samadov, Read"]
[Result "0-1"]
[ECO "B54"]
[WhiteElo "1652"]
[BlackElo "1848"]
[Annotator "NA"]
[PlyCount "76"]
[EventDate "2017.??.??"]
[EventType "swiss"]
[EventCountry "ROU"]
[SourceTitle "playchess.com"]
[Source "ChessBase"]
[SourceQuality "1"]
[TimeControl "40/5400+30:1800+30"]

1. e4 c5 2. Nf3 d6 3. d4 cxd4 4. Nxd4 Nf6 5. f3 e5 6. Nb3 Be7 7. c4 a5 8. Be3 a4 9. N3d2 Qa5 10. Nc3 O-O 11. Qc2 Nc6 12. a3 Be6 13. Be2 Rfc8 14. O-O Nd7 15. b4 axb3 16. Nxb3 Qd8 17. Rfd1 Na5 18. Nxa5 Rxa5 19. Nd5 Bxd5 20. exd5 Bg5 21. Bf2 b5 22. Qa2 bxc4 23. Bxc4 Qc7 24. Bd3 g6 25. Rab1 Rca8 26. Rb3 Bc1 27. Qb1 Bxa3 28. Bb5 Bc5 29. Bc6 Bxf2+ 30. Kxf2 R8a7 31. Rc1 Nc5 32. Rb8+ Kg7 33. h3 Ra1 34. Qxa1 Rxa1 35. Rxa1 Qxb8 36. Ra8 Qb2+ 37. Kg3 Nd3 38. Kh2 Nf4 0-1

[Event "EYCC 2017"]
[Site "Mamaia"]
[Date "2017.09.07"]
[Round "3"]
[White "Ljepic, Andrej"]
[Black "Rudnev, Andrei"]
[Result "1-0"]
[ECO "C41"]
[WhiteElo "1616"]
[BlackElo "1174"]
[Annotator "NA"]
[PlyCount "109"]
[EventDate "2017.??.??"]
[EventType "swiss"]
[EventCountry "ROU"]
[SourceTitle "playchess.com"]
[Source "ChessBase"]
[SourceQuality "1"]
[TimeControl "40/5400+30:1800+30"]

1. e4 d6 2. d4 Nf6 3. Nc3 e5 4. Nf3 Nbd7 5. Bc4 h6 6. h3 Be7 7. Be3 O-O 8. O-O c6 9. a4 Re8 10. Qd2 Qc7 11. Rad1 Nf8 12. Nh2 h5 13. f4 exf4 14. Bxf4 Be6 15. Bxe6 Nxe6 16. e5 Nd5 17. Nxd5 cxd5 18. c3 Bf8 19. exd6 Bxd6 20. Bxd6 Qxd6 21. Qf2 Qd7 22. Rde1 Re7 23. Nf3 Qe8 24. Re5 Nf4 25. Rxe7 Qxe7 26. Re1 Qf6 27. Qe3 b6 28. Qe5 Nxh3+ 29. Kh1 Nf2+ 30. Kg1 Qxe5 31. Nxe5 Ne4 32. c4 Nf6 33. c5 Rc8 34. b4 Ne4 35. Nd7 Rd8 36. c6 Nf6 37. Re7 Nxd7 38. Rxd7 Rc8 39. b5 g6 40. Rxa7 Kf8 41. Rb7 Ke8 42. Rxb6 f5 43. Rb7 Ra8 44. c7 Kd7 45. Rb8 Kxc7 46. Rxa8 Kb7 47. Rg8 f4 48. Rxg6 h4 49. a5 Ka7 50. Rg7+ Kb8 51. a6 h3 52. b6 h2+ 53. Kxh2 Kc8 54. a7 f3 55. a8=Q# 1-0

[Event "EYCC 2017"]
[Site "Mamaia"]
[Date "2017.09.07"]
[Round "3"]
[White "Filip, Andrei"]
[Black "Georgiev, Konstantin"]
[Result "1/2-1/2"]
[ECO "B33"]
[WhiteElo "1612"]
[BlackElo "1911"]
[Annotator "NA"]
[PlyCount "89"]
[EventDate "2017.??.??"]
[EventType "swiss"]
[EventCountry "ROU"]
[SourceTitle "playchess.com"]
[Source "ChessBase"]
[SourceQuality "1"]
[TimeControl "40/5400+30:1800+30"]

1. e4 c5 2. Nf3 Nc6 3. d4 cxd4 4. Nxd4 Nf6 5. Nc3 e6 6. Ndb5 Bb4 7. a3 Bxc3+ 8. Nxc3 d5 9. exd5 exd5 10. Bd3 h6 11. O-O O-O 12. Re1 Be6 13. Ne2 Ne5 14. Nd4 Bg4 15. f3 Nxd3 16. Qxd3 Bh5 17. Be3 Rc8 18. Rad1 Bg6 19. Qd2 Re8 20. c3 a6 21. Ne2 Bf5 22. Nf4 Be6 23. Bd4 Nd7 24. Nxe6 fxe6 25. Be5 Qb6+ 26. Kh1 Nxe5 27. Rxe5 Rcd8 28. Qe2 Qc6 29. f4 Qc4 30. Qe3 Qc6 31. Re1 Kf7 32. Qe2 b5 33. Qh5+ Kg8 34. f5 Rd6 35. f6 Rf8 36. fxg7 Rf6 37. Qh3 Kxg7 38. R5e3 Qc4 39. Rg3+ Kh7 40. Rf3 e5 41. Rxf6 Rxf6 42. Qd7+ Kg6 43. Qe8+ Kh7 44. Qe7+ Kg6 45. Qe8+ 1/2-1/2

[Event "EYCC 2017"]
[Site "Mamaia"]
[Date "2017.09.07"]
[Round "3"]
[White "Denic, Hana"]
[Black "Roncea, Andrea-Alexandra"]
[Result "1-0"]
[ECO "C44"]
[WhiteElo "1555"]
[BlackElo "1344"]
[Annotator "NA"]
[PlyCount "95"]
[EventDate "2017.??.??"]
[EventType "swiss"]
[EventCountry "ROU"]
[SourceTitle "playchess.com"]
[Source "ChessBase"]
[SourceQuality "1"]
[TimeControl "40/5400+30:1800+30"]

1. e4 e5 2. Nf3 Nc6 3. c3 Nf6 4. d4 exd4 5. e5 Nd5 6. cxd4 Bb4+ 7. Bd2 Bxd2+ 8. Nbxd2 d6 9. Bb5 O-O 10. O-O Nce7 11. Bc4 Nb6 12. Re1 Bg4 13. Qc2 Nxc4 14. Qxc4 Be6 15. Qe2 Nd5 16. Nc4 dxe5 17. Ncxe5 a6 18. Rac1 c6 19. Qd2 h6 20. h3 Re8 21. Nh2 Qd6 22. Rc5 Nc7 23. Qb4 Nb5 24. Rxb5 Qxb4 25. Rxb4 Rab8 26. a3 Bd5 27. Rb6 Re7 28. Nd3 Rxe1+ 29. Nxe1 Re8 30. Nhf3 Re7 31. Nd3 Bxf3 32. gxf3 Rd7 33. Nc5 Rxd4 34. Nxb7 Rd1+ 35. Kg2 Rb1 36. Rxc6 Rxb2 37. Nd6 Kf8 38. Rxa6 Ra2 39. Ra7 f6 40. a4 Ra3 41. a5 Ra4 42. a6 Kg8 43. Ra8+ Kh7 44. a7 Ra5 45. Nc8 Rg5+ 46. Kf1 Ra5 47. Rb8 Ra1+ 48. Kg2 1-0

[Event "EYCC 2017"]
[Site "Mamaia"]
[Date "2017.09.07"]
[Round "3"]
[White "Sala, Giulia"]
[Black "Sichinava, Mariam"]
[Result "0-1"]
[ECO "C01"]
[WhiteElo "1532"]
[BlackElo "1205"]
[Annotator "NA"]
[PlyCount "80"]
[EventDate "2017.??.??"]
[EventType "swiss"]
[EventCountry "ROU"]
[SourceTitle "playchess.com"]
[Source "ChessBase"]
[SourceQuality "1"]
[TimeControl "40/5400+30:1800+30"]

1. e4 e6 2. d4 d5 3. exd5 exd5 4. Nf3 Bd6 5. Bd3 Nf6 6. Qe2+ Be7 7. O-O O-O 8. Re1 Bd6 9. Bg5 h6 10. Bh4 Bg4 11. h3 Bh5 12. c3 Nbd7 13. Nbd2 c6 14. Qd1 Qc7 15. Bxf6 Nxf6 16. Qc2 Bxf3 17. Nxf3 Rfe8 18. Nh4 Rac8 19. Nf5 Bf8 20. Rad1 g6 21. Nh4 Bg7 22. Nf3 c5 23. Bb5 Rxe1+ 24. Rxe1 c4 25. Qc1 Qa5 26. Bxc4 Rxc4 27. a3 Rc8 28. Ne5 Qc7 29. f3 Nd7 30. Ng4 h5 31. Nf2 Bxd4 32. Qd2 Bb6 33. Qxd5 Qg3 34. Re2 Rd8 35. Kf1 Nc5 36. Qa2 Nd3 37. Ne4 Qh2 38. Nf6+ Kg7 39. Ne8+ Kf8 40. Re4 Qg1+ {[%emt 0:00:06] Ke1 [%clk 0:00:00]} 0-1

[Event "EYCC 2017"]
[Site "Mamaia"]
[Date "2017.09.07"]
[Round "3"]
[White "Svergina, Sofya"]
[Black "State-Ungureanu, Elena-Anastasia"]
[Result "1-0"]
[ECO "C47"]
[WhiteElo "1472"]
[BlackElo "1158"]
[Annotator "NA"]
[PlyCount "93"]
[EventDate "2017.??.??"]
[EventType "swiss"]
[EventCountry "ROU"]
[SourceTitle "playchess.com"]
[Source "ChessBase"]
[SourceQuality "1"]
[TimeControl "40/5400+30:1800+30"]

1. e4 e5 2. Nf3 Nc6 3. Nc3 Nf6 4. d4 exd4 5. Nxd4 Bc5 6. Be3 Nxd4 7. Bxd4 Bxd4 8. Qxd4 d6 9. Bc4 O-O 10. O-O Be6 11. Bb3 c6 12. Rad1 Bxb3 13. axb3 Ne8 14. Rfe1 Qd7 15. Ne2 Rd8 16. Qxa7 d5 17. exd5 cxd5 18. Qd4 Nf6 19. c4 dxc4 20. Qxd7 Rxd7 21. Rxd7 Nxd7 22. bxc4 Re8 23. Kf1 Nc5 24. Nf4 Rc8 25. Nd5 Nd3 26. Ne7+ Kf8 27. Nxc8 Nxe1 28. Kxe1 Ke8 29. Nd6+ Ke7 30. Nxb7 Kd7 31. b4 Kc7 32. Na5 Kb6 33. c5+ Kc7 34. b5 Kb8 35. b6 Kc8 36. c6 f5 37. c7 g5 38. Nc6 h5 39. Na7+ Kd7 40. c8=Q+ Kd6 41. Qc7+ Kd5 42. Qc6+ Ke5 43. Kd2 f4 44. Kd3 g4 45. Nb5 h4 46. Nd4 g3 47. Qe6# 1-0

[Event "EYCC 2017"]
[Site "Mamaia"]
[Date "2017.09.07"]
[Round "3"]
[White "Mustu, Hatice Asli"]
[Black "Gasimova, Samra"]
[Result "1-0"]
[ECO "A48"]
[WhiteElo "1365"]
[BlackElo "1578"]
[Annotator "NA"]
[PlyCount "96"]
[EventDate "2017.??.??"]
[EventType "swiss"]
[EventCountry "ROU"]
[SourceTitle "playchess.com"]
[Source "ChessBase"]
[SourceQuality "1"]
[TimeControl "40/5400+30:1800+30"]

1. d4 Nf6 2. Bf4 g6 3. Nf3 Bg7 4. e3 O-O 5. Be2 d6 6. h3 c5 7. c3 Nbd7 8. Nbd2 b6 9. O-O Bb7 10. Bh2 Rc8 11. Qa4 a6 12. Qb3 b5 13. a4 Bd5 14. Qd1 Qb6 15. axb5 axb5 16. Re1 Ra8 17. Qc2 Qc6 18. c4 bxc4 19. Bxc4 Bxc4 20. Qxc4 Nb6 21. Qc2 Rfc8 22. Rxa8 Qxa8 23. Qb3 Qa5 24. Rd1 Qb4 25. dxc5 Qxc5 26. Ra1 Nbd5 27. Bg3 Nh5 28. Bh4 h6 29. e4 Ndf4 30. Bxe7 Qc7 31. Bh4 g5 32. Bg3 Ne2+ 33. Kh2 Nexg3 34. fxg3 Rb8 35. Qd5 Nf6 36. Qa5 Qxa5 37. Rxa5 Rxb2 38. Ra8+ Kh7 39. Rd8 Rb4 40. Rxd6 Nxe4 41. Nxe4 Rxe4 42. Rd7 Kg6 43. g4 Re2 44. Rd6+ Re6 45. Rd5 Re4 46. Rd6+ Re6 47. Rd5 Bc3 48. Nd4 Bxd4 1-0

[Event "EYCC 2017"]
[Site "Mamaia"]
[Date "2017.09.07"]
[Round "3"]
[White "Bousmaha, Leila"]
[Black "Kapicakova, Lucia"]
[Result "1-0"]
[ECO "C47"]
[WhiteElo "1364"]
[BlackElo "1555"]
[Annotator "NA"]
[PlyCount "141"]
[EventDate "2017.??.??"]
[EventType "swiss"]
[EventCountry "ROU"]
[SourceTitle "playchess.com"]
[Source "ChessBase"]
[SourceQuality "1"]
[TimeControl "40/5400+30:1800+30"]

1. e4 e5 2. Nf3 Nc6 3. Nc3 Nf6 4. d4 exd4 5. Nxd4 Bb4 6. Nxc6 bxc6 7. Bd3 d5 8. exd5 cxd5 9. O-O O-O 10. Bg5 c6 11. Qf3 Be7 12. Rfe1 Re8 13. h3 h6 14. Bh4 Bd7 15. Bf1 Rb8 16. Rab1 Rb4 17. Bg3 Bc5 18. Rxe8+ Qxe8 19. a3 Rb7 20. Na4 Ne4 21. Re1 Be6 22. Bd3 Ng5 23. Qd1 Bb6 24. Nxb6 axb6 25. f4 Ne4 26. Bxe4 dxe4 27. Rxe4 Qd7 28. Rd4 Qe7 29. Qd3 Rd7 30. Rxd7 Qxd7 31. Qxd7 Bxd7 32. Kf2 Kf8 33. Ke3 Ke7 34. b4 b5 35. Kd4 Ke6 36. Bf2 f5 37. Be3 h5 38. h4 Kd6 39. c4 g6 40. g3 Be8 41. Kd3 Bd7 42. Bc5+ Ke6 43. Bd4 Be8 44. Be5 Bf7 45. Kd4 Kd7 46. cxb5 cxb5 47. Kc5 Bc4 48. a4 Bd3 49. a5 Kc8 50. a6 Be2 51. Kb6 Bd3 52. a7 Be4 53. Kxb5 Kb7 54. Bd4 Bc6+ 55. Kc5 Be8 56. Kd6 Bb5 57. Ke7 Be2 58. Kf6 Bg4 59. Kxg6 Ka8 60. b5 Kb7 61. Kf6 Bh3 62. Ke6 Bg4 63. b6 Bh3 64. Kd6 Bg4 65. Bc5 Bf3 66. Bd4 Bg2 67. g4 Ka8 68. gxh5 Bc6 69. b7+ Bxb7 70. h6 Bc6 71. h7 1-0

[Event "EYCC 2017"]
[Site "Mamaia"]
[Date "2017.09.07"]
[Round "3"]
[White "Usov, Aleksandr E"]
[Black "Vetokhin, Savva"]
[Result "0-1"]
[ECO "D20"]
[WhiteElo "1327"]
[BlackElo "1703"]
[Annotator "NA"]
[PlyCount "136"]
[EventDate "2017.??.??"]
[EventType "swiss"]
[EventCountry "ROU"]
[SourceTitle "playchess.com"]
[Source "ChessBase"]
[SourceQuality "1"]
[TimeControl "40/5400+30:1800+30"]

1. d4 d5 2. c4 dxc4 3. e3 e5 4. Nf3 exd4 5. Bxc4 Bb4+ 6. Bd2 Bxd2+ 7. Qxd2 Nf6 8. Qxd4 Qe7 9. O-O Nc6 10. Bb5 Bd7 11. Bxc6 Bxc6 12. Nc3 Qe6 13. Qe5 Nd5 14. Qxg7 O-O-O 15. Qe5 Qg4 16. h3 Qg6 17. Nh4 Qg8 18. Nf5 Kb8 19. e4 Nxc3 20. bxc3 f6 21. Qxf6 Bxe4 22. Ng3 Bc6 23. Rfb1 Rd6 24. Qf4 Qd5 25. f3 Qc5+ 26. Kh2 Rg8 27. Rd1 Rdg6 28. Qh4 Qf8 29. Ne4 Rxg2+ 30. Kh1 R2g3 31. Rd8+ Qxd8 32. Qxd8+ Rxd8 33. Nxg3 Bxf3+ 34. Kg1 Rd2 35. Re1 b6 36. Nf5 Rxa2 37. Nd4 Bd5 38. Re7 c5 39. Nf5 a5 40. Rxh7 a4 41. Ne7 Be4 42. Rh4 Bb7 43. Rh8+ Ka7 44. Rh7 b5 45. Nc6+ Kb6 46. Ne5 a3 47. Rh6+ Ka7 48. h4 Ra1+ 49. Kf2 a2 50. Rh7 Rc1 51. Nc6+ Kb6 52. Rxb7+ Kxb7 53. Na5+ Kb6 54. Nb3 a1=Q 55. Nxa1 Rxa1 56. h5 b4 57. cxb4 cxb4 58. h6 b3 59. h7 Rh1 60. Ke3 b2 61. h8=Q Rxh8 62. Kd4 b1=Q 63. Ke5 Qd3 64. Kf4 Re8 65. Kg5 Qf3 66. Kg6 Rg8+ 67. Kh7 Rg5 68. Kh6 Qh5# 0-1

[Event "EYCC 2017"]
[Site "Mamaia"]
[Date "2017.09.07"]
[Round "3"]
[White "Butolo, Alexandru-Mircea"]
[Black "Verma, Shlok"]
[Result "0-1"]
[ECO "D05"]
[WhiteElo "1309"]
[BlackElo "1658"]
[Annotator "NA"]
[PlyCount "154"]
[EventDate "2017.??.??"]
[EventType "swiss"]
[EventCountry "ROU"]
[SourceTitle "playchess.com"]
[Source "ChessBase"]
[SourceQuality "1"]
[TimeControl "40/5400+30:1800+30"]

1. d4 Nf6 2. Nf3 d5 3. e3 e6 4. Bd3 c5 5. b3 Nc6 6. Bb2 Bd6 7. Nbd2 Bd7 8. O-O cxd4 9. exd4 Qc7 10. Re1 Nb4 11. Ne5 Nxd3 12. cxd3 Rc8 13. Rc1 Bc6 14. f4 O-O 15. Qf3 Bb4 16. Rc2 Qa5 17. Qe2 Bxd2 18. Qxd2 Qxd2 19. Rxd2 Bb5 20. a4 Ba6 21. b4 b5 22. Ra1 Rc7 23. axb5 Bxb5 24. Ra5 a6 25. g4 Rfc8 26. Ra1 Rc2 27. Rad1 Ba4 28. Rxc2 Rxc2 29. Ra1 Bb5 30. Rb1 Ne8 31. Nf3 Bxd3 32. Ne1 Rd2 33. Rc1 Bc4 34. Bc3 Re2 35. Ng2 Nd6 36. Re1 Rc2 37. Ba1 Ne4 38. Ne3 Re2 39. Rxe2 Bxe2 40. f5 Kf8 41. g5 Nxg5 42. fxe6 fxe6 43. Kf2 Bb5 44. Ng4 Nf7 45. Ne5 Nxe5 46. dxe5 Kf7 47. Ke3 g5 48. Kf3 Kg6 49. Kg4 h5+ 50. Kg3 Kf5 51. Kf3 g4+ 52. Ke3 h4 53. Bc3 g3 54. hxg3 hxg3 55. Kf3 g2 56. Kxg2 Ke4 57. Kg3 d4 58. Bb2 Kxe5 59. Kf3 Kd5 60. Kf4 e5+ 61. Kf3 e4+ 62. Kf2 Kc4 63. Ba1 Kd3 64. Ke1 e3 65. Bb2 Kc4 66. Ba1 d3 67. Bb2 d2+ 68. Ke2 Ba4 69. Kxe3 d1=Q 70. Ke4 Qe2+ 71. Kf4 Qxb2 72. Kf3 Qe5 73. Kf2 Qe4 74. Kf1 Qc2 75. Kg1 Qe2 76. Kh1 Bc6+ 77. Kg1 Qg2# 0-1

[Event "EYCC 2017"]
[Site "Mamaia"]
[Date "2017.09.07"]
[Round "3"]
[White "Keskinler, Ela"]
[Black "Darie, Cleopatra-Iuliana"]
[Result "1-0"]
[ECO "C26"]
[WhiteElo "1276"]
[BlackElo "1120"]
[Annotator "NA"]
[PlyCount "61"]
[EventDate "2017.??.??"]
[EventType "swiss"]
[EventCountry "ROU"]
[SourceTitle "playchess.com"]
[Source "ChessBase"]
[SourceQuality "1"]
[TimeControl "40/5400+30:1800+30"]

1. e4 e5 2. Nc3 Nf6 3. g3 Bc5 4. Bg2 O-O 5. Nge2 Nc6 6. O-O d6 7. h3 Be6 8. Kh2 d5 9. exd5 Nxd5 10. Ne4 Bb6 11. f4 Qd7 12. b3 Rfd8 13. Bb2 exf4 14. Nxf4 Nxf4 15. Rxf4 f5 16. Ng5 Bd5 17. Qh5 g6 18. Bxd5+ Kf8 19. Nxh7+ Ke7 20. Re1+ Kd6 21. Qxg6+ Kc5 22. Ba3+ Nb4 23. Bxb4+ Kb5 24. Bc4+ Kxb4 25. Be6+ Kb5 26. Bxd7+ c6 27. Qxf5+ Bc5 28. Rc4 b6 29. Qd5 Rab8 30. Qxc6+ Ka6 31. Ra4# {Kb5 Rc4+ Ka6 Ra4#} 1-0

[Event "EYCC 2017"]
[Site "Mamaia"]
[Date "2017.09.07"]
[Round "3"]
[White "Natoli, Alessia"]
[Black "Smietanska, Wiktoria"]
[Result "1/2-1/2"]
[ECO "B11"]
[WhiteElo "1216"]
[BlackElo "1446"]
[Annotator "NA"]
[PlyCount "86"]
[EventDate "2017.??.??"]
[EventType "swiss"]
[EventCountry "ROU"]
[SourceTitle "playchess.com"]
[Source "ChessBase"]
[SourceQuality "1"]
[TimeControl "40/5400+30:1800+30"]

1. e4 c6 2. Nc3 d5 3. Nf3 Bg4 4. h3 Bxf3 5. Qxf3 Nf6 6. e5 Nfd7 7. d4 e6 8. Ne2 c5 9. c3 Nc6 10. Qd3 cxd4 11. cxd4 Qb6 12. g3 Bb4+ 13. Bd2 Bxd2+ 14. Qxd2 Qb4 15. Qxb4 Nxb4 16. Kd2 Rc8 17. Rc1 Rxc1 18. Nxc1 Ke7 19. a3 Nc6 20. Nb3 Rc8 21. Bd3 g6 22. Rc1 Kd8 23. f4 Ne7 24. Rxc8+ Kxc8 25. Bb5 b6 26. Kc3 Nf8 27. Be8 Nf5 28. g4 Ne7 29. Bxf7 Kd7 30. Nd2 Nc6 31. Nf3 Nd8 32. Bg8 Ke7 33. Nh4 Ke8 34. f5 Ke7 35. fxe6 Ndxe6 36. Bxe6 Nxe6 37. Nf3 h6 38. h4 a6 39. g5 h5 40. b3 Ng7 41. a4 Nf5 42. Kd3 Ke6 43. b4 Kd7 1/2-1/2